 Dungeon Crawl Stone Soup version 0.22-a0-388-g09e6169 (webtiles) character file.

39 Kairos the Skirmisher (level 3, 0/20 HPs)
             Began as a Vine Stalker Fighter on Apr 29, 2018.
             Slain by an adder (1 damage)
             ... on level 2 of the Dungeon.
             The game lasted 00:01:15 (1371 turns).

Kairos the Skirmisher (Vine Stalker Fighter)        Turns: 1371, Time: 00:01:16

Health: 0/20       AC:  6    Str: 19    XL:     3   Next: 45%
Magic:  0/4        EV:  7    Int:  8    God:
Gold:   97         SH:  9    Dex: 13    Spells: 2/2 levels left

rFire    + . .     SeeInvis .   a - +0 war axe
rCold    x . .     Gourm    .   c - +0 shield
rNeg     + . .     Faith    .   b - +0 scale mail
rPois    .         Spirit   +   (no helmet)
rElec    .         Reflect  .   (no cloak)
rCorr    .         Harm     .   (no gloves)
MR       .....                  (no boots)
Stlth    ..........             (no amulet)
HPRegen  0.06/turn              e - ring of positive energy
MPRegen  0.09/turn              l - ring of fire

@: lethally poisoned (0 -> -4)
A: fangs 2, magic shield, antimagic bite, no potion heal 3, rot immunity
a: no special abilities


You were on level 2 of the Dungeon.
You were hungry.

You visited 1 branch of the dungeon, and saw 2 of its levels.

You collected 97 gold pieces.

Inventory:

Hand Weapons
 a - a +0 war axe (weapon)
Armour
 b - a +0 scale mail (worn)
 c - a +0 shield (worn)
Jewellery
 e - a ring of positive energy (left hand)
 l - a ring of fire (right hand)
Scrolls
 g - a scroll of remove curse {unknown}
 i - a scroll of teleportation {unknown}
 k - a scroll of blinking {unknown}
Potions
 d - a potion of might
 h - a potion of curing
 j - a potion of resistance {unknown}
 m - a potion of haste {unknown}
Comestibles
 f - a ration


   Skills:
 + Level 3.1 Fighting
 + Level 2.2 Axes
 + Level 2.6 Armour
 + Level 0.7 Dodging
 + Level 3.0 Shields


You had 2 spell levels left.
You didn't know any spells.

Dungeon Overview and Level Annotations

Branches:
Dungeon (2/15)

Altars:
Cheibriados


Innate Abilities, Weirdness & Mutations

You have extremely sharp teeth.
When hurt, damage is shared between your health and your magic reserves.
Your bite disrupts and absorbs the magic of your enemies.
Potions cannot restore your health.
You are immune to rotting.


Message History

The adder bites you. The adder bites you but does no damage.
You hit the adder.
The adder is severely wounded.
You block the adder's attack. x2
You closely miss the adder. Your bite misses the adder.
The adder is severely wounded.
The adder closely misses you.
The rat twitches its whiskers.
You block the adder's attack.
You miss the adder.
The adder is severely wounded.
You block the adder's attack. The adder bites you.
* * * LOW HITPOINT WARNING * * *
You are lethally poisoned!
The adder poisons you!
You closely miss the adder. Your bite misses the adder.
The adder is severely wounded.
* * * LOW HITPOINT WARNING * * *
You feel sick. The adder bites you.
You die...

... #..#.. ...###
##.#.#
#...###########...#
#.........((.))##
#.........###<##
#..$(.....# #..# #
#....._...# ##.#
....####.........#
.#
....wrS@.!....####
.#
...<.w#######....
.# ....# ##### ##
... .


You could see 2 worms, an adder and a rat.

Vanquished Creatures
  An adder (D:1)
  2 dart slugs
  A giant cockroach (D:1)
  5 goblins
  3 hobgoblins
  3 bats (D:1)
  A frilled lizard (D:1)
  7 kobolds
  2 rats (D:1)
25 creatures vanquished.

Notes
Turn   | Place    | Note
-------+----------+-------------------------------------------
     0 | D:1      | Kairos the Vine Stalker Fighter began the quest for the Orb.
     0 | D:1      | Reached XP level 1. HP: 11/11 MP: 2/2
   149 | D:1      | Reached XP level 2. HP: 16/16 MP: 3/3
  1013 | D:1      | Reached XP level 3. HP: 10/20 MP: 4/4
  1297 | D:2      | Found a snail-covered altar of Cheibriados.
  1371 | D:2      | HP: 1/20 [poisoned by an adder]
  1371 | D:2      | Slain by an adder

Vault maps used:
D:1:      dpeg_arrival_boxes_within_box
D:2:      cheibriados_altar_1, uniq_terence

Skill      XL: |  1  2 |
---------------+-------+-----
Shields        | 3 |  3.0
Fighting       | 3 |  3.1
Axes           | 2 |  2.2
Armour         | |  2.6
Dodging        | |  0.7

Action                   || total
-------------------------++-------
Melee: War axe           ||    87
       Bite              ||    21
  Use: Potion            ||     1
  Eat: Chunk             ||     1
Armor: Scale mail        ||    32
Dodge: Dodged            ||    35
Block: Shield            ||    48

Table legend:
 A = Spawn XP
 B = Non-spawn XP
 C = Spawn XP percentage of total XP
 D = Spawn monster count
 E = Non-spawn monster count
 F = Spawn count percentage of total count
 G = Total turns spent on level
                    A         B        C        D         E        F      G
               +---------+---------+-------+---------+---------+-------+---------
         Total |       0 |      56 |   0.0 |       0 |      25 |   0.0 |  1371
               +---------+---------+-------+---------+---------+-------+---------
           D:1 |       0 |      45 |   0.0 |       0 |      20 |   0.0 |  1269
           D:2 |       0 |      11 |   0.0 |       0 |       5 |   0.0 |   102
               +---------+---------+-------+---------+---------+-------+---------
